 Dungeon Crawl Stone Soup version 0.29.1-13-g9f3cf754e1 (webtiles) character file.

Game seed: 5694925606600679639

877 croobank the Covert (level 8, -8/54 HPs)
             Began as an Octopode Delver on Jan 21, 2023.
             Mangled by an ogre
             ... wielding a +0 giant spiked club
              (31 damage)
             ... on level 5 of the Dungeon.
             The game lasted 00:12:37 (4650 turns).

croobank the Covert (Octopode Delver)               Turns: 4650, Time: 00:12:38

Health: -8/54      AC:  1    Str: 11    XL:     8   Next: 4%
Magic:  7/11       EV: 14    Int: 25    God:
Gold:   174        SH:  0    Dex: 13    Spells: 4/11 levels left

rFire   . . .      SeeInvis .   h - +7 spear of Hell's Wrath {elec, Drain Will+ Int+4}
rCold   . . .      Faith    .   (no shield)
rNeg    . . .      Spirit   .   (helmet restricted)
rPois   .          Reflect  .   C - amulet of the acrobat
rElec   .          Harm     .   v - +6 ring of intelligence
rCorr   .          Rampage  .   (no ring)
Will    +....                   (no ring)
Stlth   +++++.....              (no ring)
HPRegen 0.18/turn               (no ring)
MPRegen 0.12/turn               (no ring)
                                (no ring)
                                (no ring)

@: no status effects
A: almost no armour, amphibious, 8 rings, camouflage 1, gelatinous body 1,
(nimble swimmer 1), tentacles
a: no special abilities


You were on level 5 of the Dungeon.
You visited 1 branch of the dungeon, and saw 6 of its levels.
You also visited: Sewer.

You collected 174 gold pieces.

Inventory:

Hand Weapons
 a - the +7 hand axe of Kemazur {pain, rElec rF- Int+4 Dex+4}
   (You found it on level 4 of the Dungeon)

   In the hands of one skilled in necromantic magic, it inflicts extra damage on
   living creatures.
   Int:       It affects your intelligence (+4).
   Dex:       It affects your dexterity (+4).
   rF:        It makes you vulnerable to fire.
   rElec:     It insulates you from electricity.
 h - the +7 spear of Hell's Wrath (weapon) {elec, Drain Will+ Int+4}
   (You found it on level 5 of the Dungeon)

   It occasionally discharges a powerful burst of electricity upon striking a
   foe.
   Int:       It affects your intelligence (+4).
   Drain:     It drains your maximum health when unequipped.
   Will:      It increases your willpower.
 i - a +4 flail
 r - the +8 Wrath of Trog {antimagic, *Rage Rampage}
   (You found it on level 3 of the Dungeon)

   It reduces the magical energy of the wielder, and disrupts the spells and
   magical abilities of those it strikes.
   Natural abilities and divine invocations are not affected.
   It causes slowness and exhaustion when equipped.
   It extends the wielder's berserk rage when killing foes.
   *Rage:     It berserks you when you make melee attacks (+50% chance).
   Rampage:   It bestows one free step when moving towards enemies.
 x - a +2 whip of electrocution
 y - a +5 dagger
 A - a +9 club
Missiles
 q - 9 poisoned darts (quivered)
 w - 3 datura-tipped darts
Jewellery
 g - an amulet of magic regeneration
 v - a +6 ring of intelligence (left tentacle)
 C - an amulet of the acrobat (around mantle)
Wands
 f - a wand of digging (3)
Scrolls
 b - 2 scrolls of fog
 c - 3 scrolls of magic mapping
 d - 5 scrolls of fear
 k - 2 scrolls of enchant weapon
 n - a scroll of identify
 p - a scroll of immolation
 t - a scroll of vulnerability
Potions
 e - 3 potions of haste
 j - a potion of lignification
 l - 3 potions of invisibility
 m - a potion of curing {unknown}
 o - a potion of brilliance
 s - 4 potions of heal wounds
 u - 2 potions of flight
 z - a potion of mutation {unknown}
 B - 2 potions of berserk rage {unknown}
 E - a potion of degeneration {unknown}


   Skills:
 + Level 4.8 Fighting
 - Level 2.2(3.2) Axes
 + Level 3.5(3.9) Polearms
 + Level 4.3 Dodging
 + Level 8.6 Stealth
 + Level 2.0 Spellcasting
 + Level 1.8 Conjurations
 + Level 1.8 Fire Magic


You had 4 spell levels left.
You knew the following spells:

 Your Spells              Type           Power      Damage    Failure   Level
a - Fireball              Conj/Fire      5%         3d5       82%         5
b - Ensorcelled Hibernat  Hex/Ice        4%         N/A       17%         2

Your spell library contained the following spells:

 Spells                   Type           Power      Damage    Failure   Level
 Passwall                 Tmut/Erth      1%         N/A       17%         2
 Swiftness                Air            2%         N/A       32%         3
 Iskenderun's Battlesphe  Conj           11%        2d7       82%         5
 Conjure Ball Lightning   Conj/Air       3%         3x3d6     100%        6
 Malign Gateway           Summ/Tloc      1%         N/A       100%        7
 Orb of Destruction       Conj           5%         9d5       100%        7
 Summon Horrible Things   Summ           1%         N/A       100%        8


Dungeon Overview and Level Annotations

Branches:
Dungeon (6/15)              Sewer (visited)
 Temple: D:4-7

Altars:
Ashenzari
Hepliaklqana
Qazlal

Shops:
D:5 **

Annotations:
D:3 1 runed translucent door, RapScallion's ghost, amateur HOFi


Innate Abilities, Weirdness & Mutations

You cannot wear most types of armour.
You are amphibious.
You can wear up to eight rings at the same time.
Your skin changes colour to match your surroundings (Stealth+).
Your rubbery body absorbs attacks. (AC +1, EV +1)
((You are camouflaged when in or above water. (Stealth+)))
You have tentacles for arms and can constrict up to eight enemies at once.


Message History

You start putting on your amulet.
You continue putting on your amulet of the acrobat. x5
You finish putting on your amulet of the acrobat.
You feel ready to tumble and roll out of harm's way.
C - an amulet of the acrobat (around mantle) No target in view!
Memorise Ensorcelled Hibernation, consuming 2 spell levels and leaving 4?
You start memorising the spell.
You continue memorising. x2
You finish memorising.
Spell assigned to 'b'.
You see here a potion of brilliance.
You reach to attack!
The helpless ogre fails to defend itself.
You puncture the ogre!
The ogre is heavily wounded.
You hit the ogre. Your squeeze misses the ogre.
The ogre is severely wounded.
The ogre barely misses you.
You barely miss the ogre.
The ogre is severely wounded.
You barely miss the ogre.
The ogre is severely wounded.
The ogre hits you with a +0 giant spiked club!!
Ouch! That really hurt!
Okay, then.
Cast which spell? (? or * to list)
Aiming: Ensorcelled Hibernation (safe; 17% risk of failure)
Press: ? - help, Shift-Dir - straight line, f/p - ogre
Aim: an ogre, wielding a +0 giant spiked club (severely wounded, chance to affect: 35%)
The ogre easily resists.
The ogre misses you.
Casting: Ensorcelled Hibernation (safe; 17% risk of failure)
Confirm with . or Enter, or press ? or * to list all spells.
Aiming: Ensorcelled Hibernation (safe; 17% risk of failure)
Press: ? - help, Shift-Dir - straight line, f/p - ogre
Aim: an ogre, wielding a +0 giant spiked club (heavily wounded, chance to affect: 35%)
The ogre easily resists.
You barely miss the ogre. Your squeeze misses the ogre.
The ogre is heavily wounded.
The ogre hits you with a +0 giant spiked club!!
Ouch! That really hurt!
You die...

#.# ######+#.## #.#
#..>....... #.#
#........########.#
#!................##
#........#####.....#
#####..................+
......O.#########......#
####@# #....... #!#
#.......
#.#########.......
#..........._..♣..
#....#######.......
#.##.#.# ##......
#.##.#.# #......
#.##.#># ##.....
#.##.#.# #######..#


You could see an ogre.

Vanquished Creatures
  Grinder (D:4)
  A phantom (D:5)
  A gnoll sergeant (D:4)
  A scorpion (D:4)
  3 hounds
  5 jellies (Sewer)
  Robin (D:2)
  4 gnolls
  6 adders
  3 river rats
  An ufetubus (D:4)
  2 worms
  A dart slug (D:1)
  2 orcs
  12 endoplasms
  6 giant cockroaches
  14 goblins
  9 hobgoblins
  4 quokkas
  10 ball pythons
  4 bats
  10 frilled lizards
  7 kobolds
  12 rats
120 creatures vanquished.

Notes
Turn   | Place    | Note
-------+----------+-------------------------------------------
     0 | D:5      | croobank the Octopode Delver began the quest for the Orb.
     0 | D:5      | Reached XP level 1. HP: 16/16 MP: 1/1
     1 | D:5      | Noticed a hound
    17 | D:6      | Noticed a jelly
    22 | D:5      | Noticed an ogre
    26 | D:6      | Noticed a hound
    30 | D:5      | Found Fezuruaph's Specific Store.
    38 | D:5      | Reached XP level 2. HP: 16/21 MP: 2/2
    39 | D:5      | Identified the +7 spear of Hell's Wrath {elec, Drain Will+
                  | Int+4}
   180 | D:5      | Found Lushrol's General Store.
   310 | D:4      | Noticed a scorpion
   380 | D:4      | Found a broken altar of Ashenzari.
   500 | D:3      | Found a glowing drain.
   500 | D:3      | Found the +8 Wrath of Trog {antimagic, *Rage Rampage}
   505 | D:3      | Reached XP level 3. HP: 26/26 MP: 3/3
   506 | D:3      | Found a runed translucent door.
   522 | Sewer    | Entered a sewer
   536 | Sewer    | Reached skill level 7 in Stealth
   555 | Sewer    | Reached skill level 1 in Polearms
   594 | Sewer    | Reached XP level 4. HP: 24/31 MP: 4/4
   695 | Sewer    | Found a shimmering altar of Xom.
   708 | Sewer    | Reached XP level 5. HP: 30/37 MP: 5/5
  1079 | Sewer    | Reached XP level 6. HP: 43/43 MP: 6/6
  1108 | D:3      | Noticed RapScallion's ghost (amateur HOFi)
  1615 | D:1      | Found a faded altar of an unknown god.
  1970 | D:2      | Noticed Robin
  1986 | D:2      | Killed Robin
  1987 | D:2      | Reached skill level 8 in Stealth
  3347 | D:4      | Identified the +7 hand axe of Kemazur {pain, rElec rF-
                  | Int+4 Dex+4}
  3517 | D:4      | Learned a level 5 spell: Fireball
  3550 | D:4      | Reached skill level 1 in Spellcasting
  3570 | D:4      | Reached XP level 7. HP: 41/49 MP: 8/8
  3811 | D:4      | Noticed Grinder
  3824 | D:4      | Killed Grinder
  3825 | D:4      | Reached skill level 1 in Conjurations
  3825 | D:4      | Reached skill level 1 in Fire Magic
  4464 | D:5      | Found a stormy altar of Qazlal.
  4487 | D:5      | Found a hazy altar of Hepliaklqana.
  4499 | D:5      | Reached XP level 8. HP: 35/54 MP: 9/11
  4639 | D:5      | Learned a level 2 spell: Ensorcelled Hibernation
  4650 | D:5      | Mangled by an ogre

Illustrated notes

Levels and vault maps discovered:
D:1:      dpeg_arrival_arbitrary_c, layout_rooms,
          chequers_ecumenical_altar_island
D:2:      layout_rooms, uniq_robin
D:3:      layout_basic, ebering_ghost_sewer_d, portal_sewer_entry_b
D:4:      layout_cave_pods, evilmike_ruin_ashenzari, uniq_grinder
D:5:      layout_basic, lemuel_crystal_altar, grunt_temple_overflow_open,
          eino_tiny_chamber, nicolae_specific_store, hangedman_glass_teeth
D:6:      layout_basic, minmay_temple_entry_statues, minmay_misc_feat_doors,
          kennysheep_doodads, minmay_fractal_squares_diagonal_5,
          uniq_crazy_yiuf_cottage

Skill      XL: |  1  2  3  4  5  6  7 |
---------------+----------------------+-----
Stealth        | 7 8 |  8.6
Polearms       | 1 2 3 |  3.5
Dodging        | 3 4 |  4.3
Fighting       | 4 |  4.8
Spellcasting   | 1 2 |  2.0
Conjurations   | 1 |  1.8
Fire Magic     | 1 |  1.8
Axes           | |  2.2

Action                   |  1- 3 |  4- 6 |  7- 9 || total
-------------------------+-------+-------+-------++-------
Melee: Hand axe          |     2 |       |       ||     2
       Spear             |    34 |   133 |    38 ||   205
       Constrict         |     1 |    14 |     4 ||    19
       Tentacles         |     1 |    11 |     6 ||    18
Throw: Dart              |       |     3 |       ||     3
 Cast: Ensorcelled Hiber |       |       |     2 ||     2
Evoke: Wand              |       |       |     2 ||     2
  Use: Scroll            |       |    13 |       ||    13
 Stab: Sleeping          |    15 |    26 |     3 ||    44
       Paralysed         |       |       |     5 ||     5
Armor: Skin              |     1 |     5 |     1 ||     7
Dodge: Dodged            |    10 |    34 |    16 ||    60
